[Event "Titled Tuesday Blitz August 3 2021"]
[White "Swicarz, Maciej"]
[Black "Leitao, Rafael"]
[WhiteFideId "1113585"]
[BlackFideId "2101246"]
[WhiteElo "2199"]
[BlackElo "2609"]
[Result "0-1"]
[Round "06"]
[TimeControl "180+1"]
[Date "2021.08.03"]
[WhiteClock "0:00:04"]
[BlackClock "0:00:16"]

1. c4 Nf6 2. Nc3 g6 3. e4 d6 4. d4 Bg7 5. Nge2 O-O 6. Ng3 c6 7. Be2 a6 8. h4 b5 9. h5 bxc4 10. Bxc4 d5 11. exd5 cxd5 12. Bb3 Nc6 13. Be3 Na5 14. hxg6 fxg6 15. O-O Nxb3 16. Qxb3 Be6 17. Rfe1 Qd6 18. Na4 Rab8 19. Qc3 Rbc8 20. Nc5 Ng4 21. Qd3 Bf5 22. Qxa6 Rc6 23. Qe2 e5 24. Nb3 Rc2 25. Qb5 Nxf2 26. Bxf2 Rxf2 27. Qc5 Qxc5 28. dxc5 Rxb2 29. Rad1 Be6 30. c6 Rff2 31. Nf1 Rxg2+ 32. Kh1 Rgc2 33. Rc1 d4 34. Rxc2 Rxc2 35. Rc1 Bd5+ 36. Kg1 Rg2+ 37. Kh1 Rxa2+ 38. Kg1 Rg2+ 39. Kh1 Rc2+ 40. Kg1 Rxc1 41. Nxc1 Bxc6 42. Nd3 e4 43. Nb4 Bb7 44. Kf2 Bh6 45. Ng3 Be3+ 46. Ke2 Kf7 47. Nf1 Bf4 48. Nd2 Bxd2 49. Kxd2 Kf6 50. Ke2 Ke5 51. Kf2 Kf4 52. Ke2 d3+ 53. Kd2 Kf3 0-1


[Site "https://www.chess.com"]

[Event "Titled Tuesday Blitz August 3 2021"]
[White "Terry, Renato"]
[Black "Krishnakumar, Sriram"]
[WhiteFideId "3803457"]
[BlackFideId "30915856"]
[WhiteElo "2581"]
[BlackElo "2314"]
[Result "1-0"]
[Round "06"]
[TimeControl "180+1"]
[Date "2021.08.03"]
[WhiteClock "0:00:13"]
[BlackClock "0:00:02"]

1. e4 e5 2. Nf3 Nc6 3. c3 d5 4. Qa4 f6 5. Bb5 Ne7 6. exd5 Qxd5 7. d4 e4 8. Nfd2 a6 9. Be2 Bd7 10. Qb3 Qxb3 11. axb3 f5 12. b4 Ng6 13. b5 Nb8 14. Nb3 Bd6 15. g3 O-O 16. N1d2 Be6 17. Bc4 Bxc4 18. Nxc4 Nd7 19. bxa6 Rxa6 20. Rxa6 bxa6 21. Nba5 Nb6 22. Be3 f4 23. gxf4 Nxf4 24. Nxb6 cxb6 25. Bxf4 Bxf4 26. Nc4 b5 27. Ne3 Kf7 28. Ke2 Ke6 29. Ra1 Ra8 30. h3 g5 31. Ng2 Kd5 32. h4 h6 33. hxg5 hxg5 34. Ne3+ Ke6 35. b3 a5 36. c4 bxc4 37. bxc4 a4 38. Nc2 Bd6 39. c5 Bf4 40. Nb4 Kd7 41. Nd5 Ra6 42. Nc3 a3 43. Nxe4 Kc6 44. Nc3 a2 45. Rxa2 Rxa2+ 46. Nxa2 Kd5 47. Kd3 Bc7 48. Nc3+ Kc6 49. Kc4 Bf4 50. d5+ Kc7 51. Ne4 g4 52. Nf6 g3 53. fxg3 Bxg3 54. Kb5 Bh2 55. d6+ 1-0


[Site "https://www.chess.com"]

[Event "Titled Tuesday Blitz August 3 2021"]
[White "Tokhirjonova, Gulrukhbegim"]
[Black "Aitbayev, Aslan"]
[WhiteFideId "14203626"]
[BlackFideId "13704613"]
[WhiteElo "2236"]
[BlackElo "2417"]
[Result "1-0"]
[Round "06"]
[TimeControl "180+1"]
[Date "2021.08.03"]
[WhiteClock "0:00:09"]
[BlackClock "0:00:01"]

1. e4 e6 2. d4 d5 3. e5 c5 4. c3 Nc6 5. Nf3 Bd7 6. Be2 Nge7 7. O-O cxd4 8. cxd4 Nf5 9. Be3 Qb6 10. Nc3 Nxe3 11. fxe3 Be7 12. Na4 Qd8 13. a3 O-O 14. b4 b6 15. Rc1 f6 16. exf6 Bxf6 17. Nc3 Ne7 18. e4 dxe4 19. Nxe4 Bc6 20. Nxf6+ Rxf6 21. Ne5 Bd5 22. Bf3 Qd6 23. Bxd5 Nxd5 24. Rxf6 Nxf6 25. h3 Rd8 26. Nf3 Qf4 27. Rc6 Qe3+ 28. Kh1 Ne4 29. Qc1 Qxc1+ 30. Rxc1 h6 31. Rc7 a5 32. Rc6 Rd6 33. Rc8+ Kh7 34. b5 Ng3+ 35. Kh2 Nf5 36. Rc6 Kg8 37. g4 Rxc6 38. bxc6 Ne7 39. Ne5 Kf8 40. c7 Nc8 41. Kg3 Ke7 42. g5 hxg5 43. Kg4 Kd6 44. Kxg5 Ne7 45. Ng6 Nc8 46. Nf4 b5 47. Kg6 b4 48. axb4 axb4 49. Kxg7 b3 50. Nd3 Kxc7 51. h4 Kd6 52. h5 Ne7 53. Kf6 Nd5+ 54. Kg5 Nb4 55. Nb2 Kd5 56. h6 Kxd4 57. h7 Kc3 58. h8=Q+ Kc2 59. Nc4 Nd3 60. Qd4 e5 61. Na3+ Kd2 62. Qe4 b2 63. Kf5 Kc3 64. Qc6+ Kd2 65. Nb1+ Kd1 66. Qc3 Ke2 67. Qc2+ Ke3 68. Qd2+ Kd4 69. Na3 e4 70. Nc2+ Kc4 71. Na3+ Kb3 72. Nb1 1-0


[Site "https://www.chess.com"]

[Event "Titled Tuesday Blitz August 3 2021"]
[White "Tomiello, Mateus Costamilan"]
[Black "Barria Zuniga, Daniel"]
[WhiteFideId "22701958"]
[BlackFideId "3400816"]
[WhiteElo "1995"]
[BlackElo "2414"]
[Result "1-0"]
[Round "06"]
[TimeControl "180+1"]
[Date "2021.08.03"]
[WhiteClock "0:00:13"]
[BlackClock "0:00:01"]

1. e4 g6 2. d4 Bg7 3. Nf3 c5 4. d5 d6 5. Nc3 Nf6 6. Be2 O-O 7. O-O Na6 8. Nd2 Nc7 9. a4 b6 10. Nc4 Rb8 11. Bf4 a6 12. e5 Nfe8 13. Bf3 b5 14. Na5 Bd7 15. exd6 Nxd6 16. axb5 axb5 17. Nc6 Bxc6 18. dxc6 b4 19. Na4 Ne6 20. Be3 c4 21. Bd5 Nc7 22. Bf3 c3 23. b3 Ncb5 24. Nc5 Na3 25. Na6 Rc8 26. Nxb4 Qa5 27. Nd5 Rfe8 28. Bb6 Qa6 29. Bc5 Ndb5 30. Nxe7+ Rxe7 31. Bxe7 Bf8 32. Bxf8 Kxf8 33. Qd7 Rc7 34. Qd8+ Kg7 35. Rfe1 Rc8 36. Qd5 Qb6 37. Re7 Rf8 38. Qe5+ Kg8 39. Bd5 Nxc2 40. Qf6 Nxa1 41. Bxf7+ 1-0


[Site "https://www.chess.com"]

[Event "Titled Tuesday Blitz August 3 2021"]
[White "Trent, Lawrence"]
[Black "Gunina, Valentina"]
[WhiteFideId "408638"]
[BlackFideId "4167570"]
[WhiteElo "2474"]
[BlackElo "2399"]
[Result "1-0"]
[Round "06"]
[TimeControl "180+1"]
[Date "2021.08.03"]
[WhiteClock "0:01:54"]
[BlackClock "0:00:03"]

1. e4 c6 2. d4 d5 3. f3 e6 4. Nc3 Bb4 5. a3 Ba5 6. b4 Bc7 7. e5 a5 8. b5 c5 9. f4 cxd4 10. Nce2 Ne7 11. Nxd4 O-O 12. Ngf3 Nd7 13. Bd3 Nc5 14. Bxh7+ Kxh7 15. Ng5+ Kg6 16. Qg4 f5 17. Qg3 Bxe5 18. fxe5 f4 19. Bxf4 Nf5 20. Nxf5 Kxf5 21. O-O 1-0


[Site "https://www.chess.com"]

[Event "Titled Tuesday Blitz August 3 2021"]
[White "Tsaruk, Maksim"]
[Black "Rustemov, Alexander"]
[WhiteFideId "13511173"]
[BlackFideId "4119002"]
[WhiteElo "2184"]
[BlackElo "2671"]
[Result "1-0"]
[Round "06"]
[TimeControl "180+1"]
[Date "2021.08.03"]
[WhiteClock "0:00:14"]
[BlackClock "0:00:17"]

1. e4 e6 2. d4 d5 3. Nd2 dxe4 4. Nxe4 Bd7 5. Nf3 Bc6 6. Bd3 Nd7 7. O-O Ngf6 8. Ng3 Be7 9. Re1 O-O 10. c3 b6 11. a4 Bb7 12. a5 c5 13. a6 Bxf3 14. Qxf3 cxd4 15. cxd4 Rc8 16. h4 Nd5 17. h5 Bg5 18. Ne4 Bxc1 19. Raxc1 Rxc1 20. Rxc1 N7f6 21. h6 gxh6 22. Qg3+ Kh8 23. Qe5 Rg8 24. Bc4 Rg7 25. Bxd5 Nxd5 26. Nd6 f6 27. Qxe6 Nf4 28. Nf7+ Rxf7 29. Qxf7 Ne2+ 30. Kh1 Nxc1 31. Qxa7 Qxd4 32. Qf7 Qd1+ 33. Kh2 Qd6+ 34. g3 Qc5 35. Qxf6+ Kg8 36. a7 Qc8 37. Qf3 1-0


[Site "https://www.chess.com"]

[Event "Titled Tuesday Blitz August 3 2021"]
[White "Urazayev, Arystanbek"]
[Black "Zhao, Erick"]
[WhiteFideId "13709810"]
[BlackFideId "30946930"]
[WhiteElo "2321"]
[BlackElo "2526"]
[Result "1-0"]
[Round "06"]
[TimeControl "180+1"]
[Date "2021.08.03"]
[WhiteClock "0:00:55"]
[BlackClock "0:00:03"]

1. e4 c5 2. Nf3 d6 3. d4 cxd4 4. Nxd4 Nf6 5. Nc3 a6 6. Rg1 e5 7. Nb3 Be6 8. g4 h6 9. h4 Nc6 10. g5 hxg5 11. hxg5 Nh5 12. g6 fxg6 13. Rxg6 Bf7 14. Rg1 Be7 15. Be3 Qd7 16. Nd5 Rd8 17. Be2 Nf6 18. Qd2 Nxe4 19. Qd3 Nc5 20. Bxc5 dxc5 21. c4 Nb4 22. Nxb4 cxb4 23. O-O-O Qxd3 24. Bxd3 Bf6 25. Na5 b6 26. Nc6 Rc8 27. Nxb4 Bxc4 28. Kb1 a5 29. Bf5 Rc5 30. Nc2 Rc7 31. Ne3 Bf7 32. Rd6 Rh2 33. Ng4 Rh5 34. Be4 Rg5 35. f3 Ke7 36. Rxb6 Be6 37. Rb5 Bxg4 38. fxg4 Rc4 39. Bf5 g6 40. Rb7+ Kd6 41. Rd1+ Kc6 42. Rf7 gxf5 43. Rxf6+ Kc5 44. gxf5 Rf4 45. Rc1+ Kb5 46. Rfc6 Rgxf5 47. R1c5+ Kb4 48. a3+ Ka4 49. Ka2 Rf2 50. Rc4+ Kb5 51. a4# 1-0


[Site "https://www.chess.com"]

[Event "Titled Tuesday Blitz August 3 2021"]
[White "Vlassov, Nikolai"]
[Black "Jian, Alex"]
[WhiteFideId "4103360"]
[BlackFideId "30901022"]
[WhiteElo "2407"]
[BlackElo "2111"]
[Result "1-0"]
[Round "06"]
[TimeControl "180+1"]
[Date "2021.08.03"]
[WhiteClock "0:00:16"]
[BlackClock "0:00:07"]

1. e4 e5 2. Bc4 Nf6 3. d3 Qe7 4. Nc3 g6 5. f4 exf4 6. Bxf4 d6 7. Nf3 Bg7 8. O-O O-O 9. Qd2 Nbd7 10. h3 c6 11. Rae1 Ne5 12. Bb3 Nh5 13. Bg5 Qc7 14. d4 Nd7 15. Rf2 Nb6 16. Bh6 Be6 17. d5 Bd7 18. g4 Nf6 19. dxc6 bxc6 20. Rd1 Rad8 21. Bxg7 Kxg7 22. Qxd6 Ne8 23. Qxc7 Nxc7 24. Ne5 Be6 25. Nxc6 Rde8 26. Nxa7 Bxb3 27. axb3 Ne6 28. Nc6 Ng5 29. Kg2 Nc8 30. Rd4 Ne6 31. Rd7 Nb6 32. Rb7 Nc8 33. Ne5 Nd6 34. Rd7 Rd8 35. Rxd8 Rxd8 36. Rd2 Kf6 37. Nc6 Rd7 38. e5+ Kg7 39. Rxd6 Rb7 40. Nd5 Ra7 41. b4 Ra2 42. Kf3 Rxb2 43. c4 Rb3+ 44. Ke4 Rxh3 45. b5 Ng5+ 46. Kd4 Nf3+ 47. Kc5 Nd2 48. Nf6 Nb3+ 49. Kb6 h5 50. g5 Rg3 51. Ne4 Rg4 52. Nc5 Rg1 53. Nxb3 Rxg5 54. Nc5 h4 55. Ne4 Rg4 56. Nf2 Rg2 57. Nh3 Rg3 58. Nf4 h3 59. Nxh3 Rxh3 60. e6 fxe6 61. Rxe6 Rc3 62. Ne5 g5 63. Rg6+ Kh7 64. Rxg5 Rc1 65. c5 Rf1 66. c6 Rf6 67. Kb7 Kh8 68. c7 Rf8 69. c8=Q Rxc8 70. Kxc8 Kh7 71. Kd7 Kh6 72. Rg4 1-0


[Site "https://www.chess.com"]

[Event "Titled Tuesday Blitz August 3 2021"]
[White "Vokhidov, Shamsiddin"]
[Black "Maksimovic, Bojan"]
[WhiteFideId "14204223"]
[BlackFideId "14408120"]
[WhiteElo "2572"]
[BlackElo "2439"]
[Result "1-0"]
[Round "06"]
[TimeControl "180+1"]
[Date "2021.08.03"]
[WhiteClock "0:01:47"]
[BlackClock "0:00:01"]

1. e4 c5 2. Nc3 Nc6 3. Bb5 Nd4 4. Nf3 Nxb5 5. Nxb5 d6 6. d4 Nf6 7. Nc3 cxd4 8. Qxd4 e5 9. Qd3 h6 10. O-O Be6 11. a4 Qc7 12. Rd1 a6 13. Nd2 Rc8 14. Nf1 Qc4 15. Qxc4 Rxc4 16. Ne3 Rxc3 17. bxc3 Nxe4 18. c4 Kd7 19. f3 Nc5 20. Ba3 Kc6 21. Bxc5 Kxc5 22. Rab1 Be7 23. Rxb7 Bg5 24. Kf2 Rc8 25. Nd5 Rc6 26. Nb4 Rb6 27. Rxb6 Kxb6 28. Rxd6+ Kc5 29. Rxe6 fxe6 30. Nxa6+ Kc6 31. Nb4+ Kc5 32. Nd3+ Kd4 33. c5 e4 34. fxe4 Kxe4 35. a5 Be3+ 36. Ke2 Bd4 37. a6 1-0


[Site "https://www.chess.com"]

[Event "Titled Tuesday Blitz August 3 2021"]
[White "Volkov, Maksim"]
[Black "Spata, German"]
[WhiteFideId "54123070"]
[BlackFideId "113026"]
[WhiteElo "2113"]
[BlackElo "2238"]
[Result "1/2-1/2"]
[Round "06"]
[TimeControl "180+1"]
[Date "2021.08.03"]
[WhiteClock "0:00:17"]
[BlackClock "0:00:03"]

1. d4 e6 2. c4 Nf6 3. g3 d5 4. Nf3 Bb4+ 5. Bd2 Bxd2+ 6. Qxd2 O-O 7. Nc3 c6 8. Bg2 b6 9. O-O Bb7 10. cxd5 cxd5 11. Rac1 Nc6 12. Ne1 Rc8 13. e3 Qd7 14. Nd3 Ba6 15. Rfd1 Bxd3 16. Qxd3 Na5 17. b3 g6 18. Na4 Rxc1 19. Rxc1 Rc8 20. Qd2 Rc6 21. Bf1 Qc7 22. Rxc6 Qxc6 23. Qb4 Qc2 24. Nc3 Ng4 25. Be2 Nc6 26. Qd6 Nxe3 27. Qxc6 Qc1+ 28. Bd1 Nxd1 29. Nxd5 Nc3+ 30. Kg2 exd5 31. Qe8+ Kg7 32. Qe5+ Kf8 33. Qb8+ Ke7 34. Qxa7+ Ke8 35. Qb8+ Ke7 36. Qc7+ Kf8 37. Qb8+ Kg7 38. Qe5+ Kh6 39. h4 Qd2 40. Qe7 Ne4 41. Qxf7 Qxd4 42. Qf8+ Kh5 43. Qf7 Qf6 44. Qxd5+ Qf5 45. Qd4 Kh6 46. Qe3+ Kg7 47. Qxb6 Qd5 48. Qa7+ Kf6 49. Kh2 Ke5 50. Qe3 Qd2 51. Kg2 Qxe3 52. fxe3 h5 53. Kf3 Nd2+ 54. Ke2 Ne4 55. Kf3 Nd2+ 56. Ke2 Ne4 57. Kf3 1/2-1/2


[Site "https://www.chess.com"]

[Event "Titled Tuesday Blitz August 3 2021"]
[White "Weetik, Vjacheslav"]
[Black "Grabinsky, Aaron"]
[WhiteFideId "4153472"]
[BlackFideId "2087090"]
[WhiteElo "2469"]
[BlackElo "2353"]
[Result "1-0"]
[Round "06"]
[TimeControl "180+1"]
[Date "2021.08.03"]
[WhiteClock "0:00:04"]
[BlackClock "0:00:12"]

1. d4 e6 2. Bf4 b6 3. Nf3 Bb7 4. e3 Nf6 5. h3 c5 6. c3 Be7 7. Be2 d6 8. Nbd2 O-O 9. O-O cxd4 10. exd4 Nbd7 11. Re1 a6 12. a4 Re8 13. Bh2 Qc7 14. Bd3 Bf8 15. Qb3 Qc6 16. Bf1 Rac8 17. Bd3 g6 18. Qd1 Bh6 19. Qe2 Ra8 20. Nc4 Bf8 21. Qc2 Qc7 22. Nfd2 Rac8 23. Qb3 Qc6 24. Bf1 Qc7 25. Qa3 e5 26. dxe5 dxe5 27. Qb3 Bc5 28. Qc2 Qc6 29. Re2 e4 30. Rae1 Ba8 31. Bf4 b5 32. axb5 axb5 33. Na5 Qb6 34. Nab3 Bf8 35. Be3 Qb7 36. Bd4 Bg7 37. Na5 Qc7 38. b4 Ne5 39. Re3 Bh6 40. Bxb5 Bxe3 41. Rxe3 Red8 42. Nac4 Nxc4 43. Nxc4 Nd5 44. Rg3 Nxb4 45. Qb3 Nd5 46. Ne5 Qe7 47. Bc4 Rb8 48. Qa2 f6 49. Ng4 Kg7 50. Bxd5 Bxd5 51. c4 Rd6 52. cxd5 h5 53. Nxf6 Rxf6 54. Qa1 Rd8 55. Bxf6+ Qxf6 56. Qa7+ Kg8 57. Qc5 Qd6 58. Qc4 Kh7 59. Re3 Qxd5 60. Qxe4 Qxe4 61. Rxe4 Rd1+ 62. Kh2 Rd2 63. f3 Kh6 64. Kg3 Kg5 65. h4+ Kf6 66. Rf4+ Ke5 67. Rc4 Rb2 68. Rc6 Kf5 69. Rc5+ Kf6 70. Ra5 Rc2 71. Ra6+ Kg7 72. Ra5 Kh6 73. Kh3 Rc4 74. Kg3 Rc3 75. Rd5 Kg7 76. Kf4 Rc4+ 77. Kg5 Ra4 78. Rd7+ Kf8 79. Rd6 Kf7 80. Rf6+ Ke7 81. Rxg6 Ra2 82. Kxh5 Kf7 83. Rg5 Kf6 84. g4 Kf7 85. Rf5+ Kg7 86. Kg5 Ra4 87. h5 Ra6 88. Rc5 Ra7 89. f4 Kh7 90. f5 Rg7+ 91. Kf4 Rf7 92. g5 Rd7 93. h6 Rd4+ 94. Ke5 Rd1 95. Rc7+ Kg8 96. Rc8+ Kh7 97. Rc7+ Kg8 98. Kf6 Rd6+ 99. Ke7 Rd5 100. Ke6 Rc5 101. Rxc5 Kh7 102. Rc7+ Kh8 103. Kf6 Kg8 104. Kg6 Kh8 105. Rc8# 1-0


[Site "https://www.chess.com"]

[Event "Titled Tuesday Blitz August 3 2021"]
[White "Wei, Yi"]
[Black "Shahade, Gregory"]
[WhiteFideId "8603405"]
[BlackFideId "2009064"]
[WhiteElo "2686"]
[BlackElo "2724"]
[Result "0-1"]
[Round "06"]
[TimeControl "180+1"]
[Date "2021.08.03"]
[WhiteClock "0:00:01"]
[BlackClock "0:00:08"]

1. d4 Nf6 2. c4 g6 3. Nc3 d5 4. cxd5 Nxd5 5. e4 Nxc3 6. bxc3 Bg7 7. Nf3 c5 8. Be3 Qa5 9. Qd2 O-O 10. Rc1 Rd8 11. h4 cxd4 12. cxd4 Qxd2+ 13. Bxd2 Bg4 14. d5 Bxf3 15. gxf3 Nd7 16. Rc7 Rac8 17. Rxb7 Rb8 18. Rb5 a6 19. Rxb8 Rxb8 20. f4 Rb1+ 21. Ke2 Bd4 22. Rh3 Nc5 23. Be3 Rb2+ 24. Kf3 Bxe3 25. fxe3 Rxa2 26. h5 a5 27. hxg6 hxg6 28. e5 a4 29. f5 gxf5 30. Rg3+ Kf8 31. Rg5 e6 32. dxe6 fxe6 33. Rg6 Ne4 34. Be2 Kf7 35. Rh6 a3 36. Rh7+ Kg6 37. Ra7 Ra1 38. Bd3 Nc5 39. Bc4 Rc1 40. Ba2 Rc3 41. Ra5 Kf7 42. Ra7+ Kg6 43. Ra5 Ne4 44. Ra6 Rc2 45. Rxe6+ Kg5 0-1


[Site "https://www.chess.com"]

[Event "Titled Tuesday Blitz August 3 2021"]
[White "Xiong, Jeffery"]
[Black "Madaminov, Mukhiddin"]
[WhiteFideId "2047640"]
[BlackFideId "14210703"]
[WhiteElo "2724"]
[BlackElo "1747"]
[Result "1-0"]
[Round "06"]
[TimeControl "180+1"]
[Date "2021.08.03"]
[WhiteClock "0:00:03"]
[BlackClock "0:00:02"]

1. c4 e5 2. g3 Nc6 3. Bg2 Bc5 4. Nc3 d6 5. e3 a6 6. Nge2 Ba7 7. b3 f5 8. Bb2 Nf6 9. d3 O-O 10. O-O Ne7 11. Qd2 Ng6 12. Rae1 c6 13. Ba3 Be6 14. Kh1 Rc8 15. f4 b5 16. fxe5 Nxe5 17. Nd4 Qd7 18. Nxe6 Qxe6 19. d4 Neg4 20. h3 Nh6 21. d5 cxd5 22. cxb5 Qe5 23. Nxd5 Nh5 24. Rf3 axb5 25. Bb2 Nxg3+ 26. Kg1 Ne4 27. Bxe5 Nxd2 28. Rf2 Rcd8 29. Bxg7 Kxg7 30. Rxd2 f4 31. Rc2 Nf5 32. Rc7+ Rf7 33. Rxf7+ Kxf7 34. Rf1 Nxe3 35. Rxf4+ Kg7 36. Kh2 Nxd5 37. Bxd5 Rf8 38. Rb4 Rf2+ 39. Kg3 Rxa2 40. Rxb5 Bf2+ 41. Kf3 Rd2 42. Be4 h5 43. Rxh5 Bc5 44. h4 Rb2 45. Bd5 Rd2 46. Rg5+ Kf6 47. Bc4 Rf2+ 48. Kg3 Rc2 49. Rg8 Rc3+ 50. Kg4 Rc1 51. Rf8+ Ke5 52. Re8+ Kf6 53. Re6+ Kg7 54. h5 Rg1+ 55. Kf5 Bb4 56. Bd3 Rg3 57. h6+ Kh7 58. Be4 d5 59. Bxd5 Bd2 60. Be4 Bxh6 61. b4 Kg7 62. Re7+ Kf8 63. Rb7 Rg5+ 64. Ke6 Rg4 65. Bf5 Rd4 66. Kf6 Bg7+ 67. Rxg7 Rxb4 68. Ra7 Rb6+ 69. Be6 Rb8 70. Rh7 1-0


[Site "https://www.chess.com"]

[Event "Titled Tuesday Blitz August 3 2021"]
[White "Zhigalko, Sergei"]
[Black "Dvirnyy, Danyyil"]
[WhiteFideId "13502956"]
[BlackFideId "817570"]
[WhiteElo "2662"]
[BlackElo "2531"]
[Result "1-0"]
[Round "06"]
[TimeControl "180+1"]
[Date "2021.08.03"]
[WhiteClock "0:00:21"]
[BlackClock "0:00:34"]

1. e4 c6 2. d4 d5 3. e5 Bf5 4. Nf3 e6 5. Be2 Nd7 6. O-O a6 7. Nbd2 h6 8. a4 Rc8 9. a5 Bh7 10. c4 dxc4 11. Nxc4 Be4 12. Be3 Bd5 13. Rc1 Bxc4 14. Bxc4 Qxa5 15. Qb3 Qb4 16. Qa2 Ne7 17. Bd2 Qb6 18. Ba5 Qa7 19. Bxe6 fxe6 20. Qxe6 b6 21. d5 bxa5 22. d6 Nb6 23. Nd4 Qd7 24. dxe7 Qxe7 25. Rxc6 Qxe6 26. Rxe6+ Kd8 27. Rxb6 Bc5 28. Ne6+ Ke7 29. Rxa6 Bb4 30. Nxg7 Rhf8 31. Ra7+ 1-0


[Site "https://www.chess.com"]

[Event "Titled Tuesday Blitz August 3 2021"]
[White "Zhurbinsky, David"]
[Black "Pacheco Lugo, Alejandro Jose"]
[WhiteFideId "2072904"]
[BlackFideId "3903745"]
[WhiteElo "2564"]
[BlackElo "2125"]
[Result "1-0"]
[Round "06"]
[TimeControl "180+1"]
[Date "2021.08.03"]
[WhiteClock "0:00:04"]
[BlackClock "0:00:05"]

1. e4 c5 2. Nf3 d6 3. d4 cxd4 4. Nxd4 Nf6 5. f3 e5 6. Nb3 d5 7. Bg5 Be6 8. c3 dxe4 9. Qxd8+ Kxd8 10. fxe4 Nd7 11. N1d2 Be7 12. O-O-O Ke8 13. Be2 h6 14. Bh4 Rc8 15. h3 a6 16. Kc2 b5 17. Rhf1 Nc5 18. Nxc5 Rxc5 19. Bf2 Rc6 20. Bg3 Bd6 21. Nf3 Nd7 22. Rd2 Ke7 23. Rfd1 Rhc8 24. Bh4+ f6 25. Bf2 g5 26. h4 g4 27. Ne1 h5 28. g3 Nc5 29. Bd3 Bxa2 30. Bxc5 Rxc5 31. Bxb5 Rxb5 32. Rxd6 Bb3+ 33. Kc1 Bxd1 34. Rxd1 Rc4 35. Nc2 Rxe4 36. Rd3 Re2 37. Kd1 Rg2 38. b4 Rb6 39. Ne3 Rg1+ 40. Ke2 Rd6 41. Nf5+ Ke6 42. Nxd6 f5 43. Nc4 f4 44. Rd6+ Kf5 45. gxf4 exf4 46. Rd5+ Kf6 47. Rxh5 f3+ 48. Kf2 Rg2+ 49. Kf1 g3 50. Ne3 Rf2+ 51. Kg1 Re2 52. Rf5+ Kg6 53. Rxf3 Kh5 54. Rxg3 Kxh4 55. Nf5+ Kh5 56. Re3 Rc2 57. Nd4 Rb2 58. Re5+ Kg4 59. Re4+ Kg3 60. Re3+ Kf4 61. Re2 Rb1+ 62. Kf2 Rb3 63. Nxb3 1-0


[Site "https://www.chess.com"]

[Event "Titled Tuesday Blitz August 3 2021"]
[White "Zverev, Lev"]
[Black "Tong, Hai Anh"]
[WhiteFideId "24250775"]
[BlackFideId "12412805"]
[WhiteElo "2109"]
[BlackElo "1467"]
[Result "1-0"]
[Round "06"]
[TimeControl "180+1"]
[Date "2021.08.03"]
[WhiteClock "0:00:46"]
[BlackClock "0:00:01"]

1. e4 c6 2. d4 d5 3. e5 Bf5 4. Nf3 e6 5. Be2 Nd7 6. O-O Ne7 7. Na3 h6 8. c4 Bh7 9. cxd5 cxd5 10. Bd2 Nf5 11. Bd3 Qb6 12. Qc2 Bxa3 13. bxa3 a6 14. Rfc1 O-O 15. g4 Nxd4 16. Bxh7+ Kh8 17. Nxd4 Qxd4 18. Bd3 Qxg4+ 19. Kh1 Qf3+ 20. Kg1 Nxe5 21. Bf1 Qh5 22. Bg2 Rac8 23. Qd1 Qf5 24. Rxc8 Rxc8 25. Rc1 Rxc1 26. Bxc1 Nc4 27. Qb3 b5 28. Qc3 Qg4 29. Qd3 f6 30. Kf1 h5 31. h3 Qh4 32. Qg6 Qd4 33. Qe8+ Kh7 34. Qxh5+ Kg8 35. Qe8+ Kh7 36. Qxe6 Ne5 37. Qxd5 Qc3 38. Qd2 Qc4+ 39. Kg1 Nd3 40. Bf1 Qxc1 41. Qxd3+ 1-0


[Site "https://www.chess.com"]

[Event "Titled Tuesday Blitz August 3 2021"]
[White "freshfoodcompany"]
[Black "Jacobson, Aaron"]
[BlackFideId "2089912"]
[WhiteElo "2436"]
[BlackElo "2265"]
[Result "1/2-1/2"]
[Round "06"]
[TimeControl "180+1"]
[Date "2021.08.03"]
[WhiteClock "0:00:11"]
[BlackClock "0:00:03"]

1. d4 Nf6 2. c4 c5 3. d5 g6 4. Nc3 Bg7 5. e4 d6 6. Nf3 O-O 7. Be2 e6 8. O-O Re8 9. h3 exd5 10. exd5 Ne4 11. Nxe4 Rxe4 12. Bd3 Re8 13. Bg5 Bf6 14. Bh6 Bxb2 15. Rb1 Bg7 16. Bg5 Bf6 17. Bh6 Nd7 18. Re1 Ne5 19. Nxe5 Bxe5 20. Qd2 b6 21. a4 Bd7 22. a5 bxa5 23. Rb7 Qc8 24. Reb1 a4 25. Qa5 Bf5 26. Rc7 Qxc7 27. Qxc7 Bxd3 28. Rb7 Rf8 29. Bxf8 Rxf8 30. Rxa7 Bxc4 31. Rxa4 Bxd5 32. Ra7 c4 33. Ra5 Be6 34. g3 c3 35. Rxe5 dxe5 36. Qxc3 Bxh3 37. Qxe5 Be6 38. Kg2 h5 39. Qf6 Rc8 40. Qe5 Kh7 41. Qf6 Bd5+ 42. Kf1 Kg8 43. Ke2 Re8+ 44. Kd2 Be4 45. Qd4 Bf5 46. Qf6 Re6 47. Qd8+ Kg7 48. Qd4+ Kh7 49. Qc4 Bg4 50. Qc5 Kg7 51. Qd4+ Kg8 52. Qd8+ Kh7 53. Qd4 Re7 54. Qf6 Rd7+ 55. Ke3 Kg8 56. f3 Bf5 57. Kf2 Kh7 58. Qe5 Rd3 59. Qf6 Kg8 60. Qe5 Be6 61. Qb8+ Kh7 62. Qb5 Rb3 63. Qe5 Kg8 64. Ke2 Rb7 65. Kf2 Rd7 66. Qb8+ Kh7 67. Qe5 Rd3 68. Ke2 Bc4 69. Kf2 Bd5 70. f4 Be6 71. Qe4 Rb3 72. Qe5 Kg8 73. Qf6 Bg4 74. Qd8+ Kh7 75. Qf6 Kg8 76. Qd8+ Kg7 77. Qd4+ Kh7 78. Qf6 Rb7 79. Qd4 Re7 80. Qf6 Re2+ 81. Kf1 Kg8 82. Qd8+ Kg7 83. Qd4+ Kf8 84. Qh8+ Ke7 85. Qc3 Re6 86. Qc5+ Rd6 87. Qe5+ Re6 88. Qc5+ Kf6 89. Qd4+ Kf5 90. Qd5+ Kf6 91. Qd4+ Ke7 92. Qc5+ 1/2-1/2


[Site "https://www.chess.com"]

[Event "Titled Tuesday Blitz August 3 2021"]
[White "Abdusattorov, Nodirbek"]
[Black "Alavi, Sayed Javad"]
[WhiteFideId "14204118"]
[BlackFideId "12500607"]
[WhiteElo "2662"]
[BlackElo "2495"]
[Result "1-0"]
[Round "07"]
[TimeControl "180+1"]
[Date "2021.08.03"]
[WhiteClock "0:01:41"]
[BlackClock "0:00:34"]

1. d4 Nf6 2. c4 e6 3. Nf3 d5 4. Nc3 c5 5. cxd5 Nxd5 6. e4 Nxc3 7. bxc3 cxd4 8. cxd4 Bb4+ 9. Bd2 Bxd2+ 10. Qxd2 O-O 11. Bc4 Nd7 12. O-O b6 13. Rad1 Bb7 14. Rfe1 Rc8 15. Bb3 Re8 16. Re3 Nf6 17. Qe1 Qc7 18. d5 exd5 19. e5 Ne4 20. Nd4 Rxe5 21. f3 Rh5 22. h4 Nd6 23. g4 Rh6 24. Nf5 Rf8 25. Nxh6+ gxh6 26. Bxd5 Bxd5 27. Rxd5 Nc4 28. Re7 Qc6 29. Qe4 b5 30. Rg5+ 1-0


[Site "https://www.chess.com"]

[Event "Titled Tuesday Blitz August 3 2021"]
[White "Aitbayev, Aslan"]
[Black "Siddharth, Jagadeesh"]
[WhiteFideId "13704613"]
[BlackFideId "5818320"]
[WhiteElo "2417"]
[BlackElo "2127"]
[Result "1/2-1/2"]
[Round "07"]
[TimeControl "180+1"]
[Date "2021.08.03"]
[WhiteClock "0:00:05"]
[BlackClock "0:00:12"]

1. e4 e5 2. Nf3 Nc6 3. Bb5 a6 4. Ba4 Nf6 5. O-O b5 6. Bb3 Bc5 7. a4 Rb8 8. c3 d6 9. d4 Bb6 10. Na3 O-O 11. axb5 axb5 12. Nxb5 Bg4 13. Bc2 Bxf3 14. gxf3 Nh5 15. f4 Nxf4 16. Bxf4 exf4 17. Qg4 Ne7 18. Qxf4 f5 19. exf5 Qd7 20. Na3 Nxf5 21. Qg4 d5 22. Rae1 Rf6 23. Kh1 c6 24. Re5 Rbf8 25. Bxf5 Rxf5 26. Rxf5 Rxf5 27. Nc2 Qf7 28. Ne3 Rf6 29. Qc8+ Qf8 30. Qxf8+ Kxf8 31. Kg2 Bc7 32. h3 Ke7 33. Re1 Kd7 34. Ng4 Rf5 35. Ne5+ Bxe5 36. Rxe5 Rf8 37. Kg3 Ra8 38. Re2 Ra1 39. f4 Rg1+ 40. Rg2 Rf1 41. Rf2 Rg1+ 42. Kh2 Rd1 43. f5 Ke7 44. Re2+ Kf6 45. Re6+ Kxf5 46. Rxc6 Rd2+ 47. Kg3 Rxb2 48. Rc7 Rb3 49. Kf3 g5 50. Ke3 h5 51. Kd3 g4 52. hxg4+ hxg4 53. Rc5 Ke6 54. Rc6+ Kf5 55. Rd6 Rb5 56. Rd8 g3 57. Ke3 Rb3 58. Rxd5+ Kg4 59. Kd3 g2 60. Rd8 Rb1 61. Rg8+ Kf3 62. Rf8+ Kg3 63. Rg8+ Kf2 64. Rf8+ Ke1 65. Rg8 Kf2 66. Rf8+ Kg3 67. Rg8+ Kh2 68. Rh8+ Kg3 69. Rg8+ 1/2-1/2


[Site "https://www.chess.com"]